 Dungeon Crawl Stone Soup version 0.29.0-10-g45618ea6d2 (webtiles) character file.

Game seed: 16520655112490575547

205816 Zeldest the Brawler (level 17, -5/234 HPs)
             Began as a Troll Fighter on Sept 1, 2022.
             Was the Champion of Jiyva.
             Hit by a javelin thrown by a merfolk javelineer (6 damage)
             ... on level 4 of the Shoals on Sept 2, 2022.
             The game lasted 01:03:12 (22855 turns).

Zeldest the Brawler (Troll Fighter)                Turns: 22855, Time: 01:03:12

Health: -5/234     AC: 16    Str: 35    XL:     17   Next: 55%
Magic:  16/16      EV:  6    Int: 12    God:    Jiyva [******]
Gold:   552        SH: 14    Dex:  7    Spells: 16/16 levels left

rFire   + + .      SeeInvis .     - Unarmed
rCold   + + +      Faith    .   b - +0 tower shield
rNeg    + + .      Spirit   .   L - +0 ice dragon scales
rPois   +          Reflect  .   h - +1 hat
rElec   +          Harm     .   a - +0 cloak of the Shining Light {rElec rPois rF+ Stlth-}
rCorr   +          Rampage  .   (gloves unavailable)
Will    ++++.      Clarity  +   (boots unavailable)
Stlth   ..........              w - amulet of the Four Winds {rN+ Will+++ Clar}
HPRegen 2.89/turn               i - ring of the Solstice {rF+ rC+ rN+ Str+3}
MPRegen 0.65/turn               W - ring of protection from fire

@: very slow
A: large, unfitting armour, claws 3, regeneration 1, shaggy fur 1, tough skin 1,
antennae 2, clever 2, robust 3, eyeballs 2, translucent skin 2, tendrils,
MP-powered wands
}: 2/15 runes: serpentine, slimy
a: Renounce Religion, Oozemancy, Slimify


You were on level 4 of the Shoals.
You worshipped Jiyva.
Jiyva was exalted by your worship.
You visited 6 branches of the dungeon, and saw 34 of its levels.
You also visited: Gauntlet.

You collected 1476 gold pieces.
You spent 924 gold pieces at shops.

Inventory:

Missiles
 k - 10 atropa-tipped darts
 l - 7 curare-tipped darts (quivered)
 R - a boomerang
 S - 6 silver javelins
 U - 31 large rocks
 Y - 6 javelins
Armour
 a - the +0 cloak of the Shining Light (worn) {rElec rPois rF+ Stlth-}
   (You found it on level 8 of the Dungeon)

   rF:        It protects you from fire.
   rElec:     It insulates you from electricity.
   rPois:     It protects you from poison.
   Stlth:     It makes you less stealthy.
 b - a +0 tower shield (worn)
 h - a +1 hat (worn)
 L - +0 ice dragon scales (worn)
 M - a +0 troll leather armour
Jewellery
 i - the ring of the Solstice (left claw) {rF+ rC+ rN+ Str+3}
   (You acquired it on level 3 of the Shoals)

   [ring of positive energy]

   Str:       It affects your strength (+3).
   rF:        It protects you from fire.
   rC:        It protects you from cold.
   rN:        It protects you from negative energy.
 u - a ring of flight
 w - the amulet of the Four Winds (around neck) {rN+ Will+++ Clar}
   (You found it on level 5 of the Pits of Slime)

   [amulet of nothing]

   rN:        It protects you from negative energy.
   Clar:      It protects you against confusion.
   Will:      It greatly increases your willpower.
 E - the ring "Toam" {Will+ Int+6}
   (You found it in a Gauntlet)

   [ring of intelligence]

   Int:       It affects your intelligence (+6).
   Will:      It increases your willpower.
 K - a ring of see invisible
 W - a ring of protection from fire (right claw)
Wands
 p - a wand of flame (46)
 F - a wand of iceblast (12)
 H - a wand of mindburst (15)
 J - a wand of acid (12)
 N - a wand of polymorph (11)
Scrolls
 d - 4 scrolls of enchant armour
 e - 3 scrolls of noise
 f - a scroll of blinking
 j - 4 scrolls of immolation
 o - 2 scrolls of silence
 r - 13 scrolls of teleportation
 s - 5 scrolls of vulnerability
 t - 2 scrolls of poison
 y - a scroll of brand weapon {unknown}
 B - 3 scrolls of amnesia
 C - 5 scrolls of fog
 D - 4 scrolls of magic mapping
 O - a scroll of summoning {unknown}
 T - a scroll of torment {unknown}
Potions
 c - a potion of berserk rage
 g - 2 potions of mutation
 n - 2 potions of resistance
 v - 2 potions of might
 x - 2 potions of curing
 z - 2 potions of haste
 G - 2 potions of attraction
 I - 3 potions of brilliance
 Q - a potion of ambrosia
 X - a potion of magic


   Skills:
 + Level 14.0 Fighting
 + Level 15.0 Throwing
 + Level 8.1 Armour
 - Level 2.4 Dodging
 + Level 10.4 Shields
 + Level 18.5 Unarmed Combat


You had 16 spell levels left.
You didn't know any spells.
Your spell library contained the following spells:

 Spells                   Type           Power      Damage    Failure   Level
 Beastly Appendage        Tmut           0%         N/A       95%         1
 Magic Dart               Conj           0%         1d3       95%         1
 Ensorcelled Hibernation  Hex/Ice        0%         N/A       98%         2
 Poisonous Vapours        Pois/Air       0%         N/A       98%         2
 Scorch                   Fire           0%         2d5       98%         2
 Searing Ray              Conj           0%         2d4       98%         2
 Frozen Ramparts          Ice            0%         1d1       100%        3
 Spider Form              Tmut/Pois      0%         N/A       100%        3
 Anguish                  Hex/Necr       0%         N/A       100%        4
 Animate Dead             Necr           0%         N/A       100%        4
 Corpse Rot               Necr/Pois/Air  0%         N/A       100%        4
 Flame Wave               Conj/Fire      0%         2d4       100%        4
 Fulminant Prism          Conj/Hex       0%         3d6       100%        4
 Hailstorm                Conj/Ice       0%         3d3       100%        4
 Summon Ice Beast         Ice/Summ       0%         N/A       100%        4
 Borgnjor's Vile Clutch   Necr/Erth      0%         N/A       100%        5
 Silence                  Hex/Air        0%         N/A       100%        5
 Summon Forest            Summ/Tloc      0%         N/A       100%        5
 Conjure Ball Lightning   Conj/Air       0%         3x3d6     100%        6
 Eringya's Noxious Bog    Tmut/Pois      0%         N/A       100%        6
 Summon Cactus Giant      Summ           0%         N/A       100%        6
 Haunt                    Necr/Summ      0%         N/A       100%        7
 Spellforged Servitor     Conj/Summ      0%         N/A       100%        7
 Storm Form               Tmut/Air       0%         N/A       100%        7
 Summon Hydra             Summ           0%         N/A       100%        7
 Infestation              Necr           0%         N/A       100%        8


Dungeon Overview and Level Annotations

Branches:
Dungeon (15/15)            Temple (1/1) D:6            Lair (5/5) D:11
 Shoals (4/4) Lair:3        Snake (4/4) Lair:3        Slime (5/5) Lair:5
    Orc (0/2) D:10         Vaults (0/5) D:13         Depths (0/4) D:15
Gauntlet (visited)

Altars:
Cheibriados
Dithmenos
Elyvilon
Fedhas
Gozag
Hepliaklqana
Nemelex Xobeh
Okawaru
Ru
Uskayaw
Xom
The Shining One
Jiyva

Shops:
D:5 *   D:9 ?   D:15 [   Shoals:3 *   Snake:2 (

Annotations:
D:8 2 transporters, exclusion: door
D:9 4 transporters
Lair:5 exclusion: oklob plant
Shoals:4 Ilsuiw
Snake:4 5 exclusions
Slime:5 Royal Jelly


Innate Abilities, Weirdness & Mutations

You are too large for most types of armour.
You have claws for hands.
Your natural rate of healing is unusually fast.
You are covered in fur. (AC +1)
You have tough skin. (AC +1)
You have a pair of antennae on your head.
Your mind is very acute. (Int +8, Str/Dex -2)
You are extremely robust. (+30% HP)
Your body has grown many eyes which may confuse attackers. (Acc +5)
Your translucent skin reduces your foes' accuracy. (Stealth+)
You are covered in slimy tendrils that may disarm your opponents.
You expend magic power (3 MP) to strengthen your wands.


Message History

* * * LOW HITPOINT WARNING * * *
Okay, then.
The merfolk attacks as you move away! You block the merfolk's attack.
The water nymph seems to regain its courage.
The merfolk hits you but does no damage.
The merfolk javelineer throws a javelin.
The javelin pierces through you!!
* * * LOW HITPOINT WARNING * * *
The merfolk hits you but does no damage.
The merfolk throws a boomerang.
The boomerang hits you but does no damage.
The merfolk javelineer throws a javelin.
The javelin pierces through you.
* * * LOW HITPOINT WARNING * * *
Blink to where?
Press: ? - help, Dir - move target Splash!
As you read the scroll of blinking, it crumbles to dust.
The water nymph touches you. The water nymph drowns you!
* * * LOW HITPOINT WARNING * * *
The merfolk javelineer throws a javelin.
The javelin pierces through you but does no damage.
You feel better. The water nymph touches you. The water nymph drowns you!
* * * LOW HITPOINT WARNING * * *
The merfolk javelineer throws a javelin.
The javelin pierces through you but does no damage.
Blink to where?
Press: ? - help, Dir - move target Splash!
A merfolk javelineer comes into view. It is wielding a +0 spear.
As you read the scroll of blinking, it crumbles to dust.
The merfolk javelineer shouts!
The water nymph casts a spell at you. The water swirls and strikes you!
* * * LOW HITPOINT WARNING * * *
The merfolk throws a boomerang.
The boomerang hits you.
* * * LOW HITPOINT WARNING * * *
The merfolk javelineer throws a javelin.
The javelin pierces through you.
You die...

#≈.~~.........P~...[...~~~~~.~.#
≈..~~..................~~.~~~~.##
..~~~.m............PP.~~~~~~~..##
.~~~~..............PP~~~~~~~~....
.~≈~~......m.......~~~~~≈~~~~~~..
~~≈~~~~.......^...~~~~≈≈≈~~~~~~..
≈≈≈§~m~.........m~~~~~≈≈~~~~~~...
≈≈≈≈§§~§§........~~~~~≈~~~~~~....
≈≈≈§m§§~..m.....@######~~...~....
≈≈≈≈§≈≈§~~......#~~~~§##~.....~~~
≈≈≈≈≈≈≈§~~~~...#~~#~mm~##J###....
≈≈≈≈≈≈≈≈≈≈~~~~#m~mm≈#~~≈#.###..##
≈≈≈≈≈≈≈≈≈≈≈≈~~#§#m≈J≈≈.≈#..##..##
≈≈≈≈≈≈≈≈≈≈≈≈≈≈#§§§≈##≈.≈#..~~....
≈≈≈≈≈≈≈≈≈≈≈≈≈≈#§§#§#≈..≈#.....~..
≈m≈≈≈≈≈≈≈≈≈≈≈{#§§§§≈.~#≈#~~~..~..
≈≈≈≈≈≈≈≈≈≈≈≈≈##§§§..#≈##~~P~~~~~


You could see 2 merfolk javelineers, 5 merfolk, a water nymph and a neutral
jelly (wandering) (fellow slime).

Vanquished Creatures
  Kirke (Lair:4)
  10 nagarajas
  Aizul (Snake:3)
  Louise (Shoals:4)
  Nessos (Lair:5)
  A minotaur (Gauntlet)
  A merfolk javelineer (Shoals:4)
  A merfolk impaler (Shoals:4)
  Josephine (Lair:4)
  A rakshasa (D:15)
  4 boulder beetles
  A hell beast (Gauntlet)
  3 hydras
  3 ice dragons
  4 salamander tyrants
  Erica (D:10)
  2 ogre magi
  A merfolk avatar (Shoals:1)
  8 centaur warriors
  4 catoblepae
  12 anacondas
  8 two-headed ogres
  2 merfolk aquamancers (Shoals:4)
  3 shock serpents
  3 tengu warriors
  12 naga warriors
  7 death yaks
  15 naga sharpshooters
  Amaemon (Lair:3)
  3 salamander mystics
  5 skeletal warriors
  6 sea snakes
  An orc knight (D:13)
  2 naga ritualists
  Pikel (D:9)
  21 harpies
  27 ugly things
  6 fauns (Shoals:3)
  2 deep elf pyromancers (D:13)
  7 cyclopes
  A deep elf zephyrmancer (D:13)
  7 mana vipers
  5 manticores
  14 salamanders
  8 elephants
  36 black mambas
  Maurice (D:9)
  3 merfolk sirens (Shoals:3)
  An ice statue (Lair:5)
  A torpor snail (Lair:5)
  2 gargoyles
  15 naga magi
  2 molten gargoyles (Gauntlet)
  3 guardian serpents
  12 cane toads
  An orange demon (Lair:3)
  A rime drake (Lair:3)
  4 komodo dragons
  A tengu conjurer (D:15)
  3 trolls
  10 polar bears
  9 merfolk
  11 blink frogs
  Grinder (D:6)
  A hornet (D:10)
  2 slime creatures (Lair:4)
  2 snapping turtles (Shoals:4)
  5 dream sheep (Lair:4)
  A wyvern (D:8)
  A yak (shapeshifter) (D:14)
  A centaur simulacrum (D:14)
  3 hogs (Lair:4)
  9 wraiths
  4 basilisks
  62 yaks
  2 steam dragons (D:8)
  14 vampire mosquitoes
  3 acid dragons
  32 nagas
  3 wargs (D:11)
  13 water moccasins
  Duvessa (D:5)
  8 black bears
  8 orc warriors
  6 ice beasts
  2 sky beasts (D:6)
  16 wolves
  4 ogres
  16 centaurs
  A lemure (D:9)
  A phantom (D:5)
  2 kobold brigands
  2 necrophages
  13 bullfrogs
  3 gnoll sergeants
  5 scorpions
  17 wights
  Dowan (D:5)
  5 killer bees (D:10)
  8 howler monkeys
  2 hounds
  2 jellies (Lair:4)
  3 gnoll boudas
  7 orc priests
  Crazy Yiuf (D:3)
  An iguana (D:6)
  13 orc wizards
  Natasha (twice) (D:3)
  41 gnolls
  11 adders
  5 white imps
  2 ufetubi
  2 worms
  5 dart slugs
  40 orcs
  9 endoplasms
  2 giant cockroaches (D:1)
  7 goblins
  7 hobgoblins
  4 jackals (D:1)
  11 kobolds
  5 quokkas
  11 ball pythons
  8 bats
  3 frilled lizards
  3 rats
830 creatures vanquished.

Vanquished Creatures (others)
  A deep elf knight (D:13)
  A guardian serpent (Snake:3)
  A naga mage (Snake:3)
  3 slime creatures (D:15)
  A dream sheep (Shoals:4)
  A vampire mosquito (D:14)
  A naga (Snake:1)
  A black bear (Lair:3)
  A bullfrog (Lair:3)
  71 jellies
  An orc wizard (D:5)
  A white imp (Lair:5)
  2 bushes (Lair:1)
  66 fungi
  127 plants
279 creatures vanquished.

Grand Total: 1109 creatures vanquished

Notes
Turn   | Place    | Note
-------+----------+-------------------------------------------
     0 | D:1      | Zeldest the Troll Fighter began the quest for the Orb.
     0 | D:1      | Reached XP level 1. HP: 22/22 MP: 0/0
   159 | D:1      | Reached XP level 2. HP: 29/29 MP: 1/1
   314 | D:1      | Reached skill level 1 in Throwing
   351 | D:1      | Reached XP level 3. HP: 36/36 MP: 2/2
   385 | D:1      | Reached skill level 3 in Unarmed Combat
   669 | D:2      | Got the Encyclopedia of Conduction
   717 | D:2      | Reached XP level 4. HP: 44/44 MP: 3/3
  1365 | D:3      | Found a hide-covered altar of Uskayaw.
  1375 | D:3      | Noticed Natasha
  1381 | D:3      | Killed Natasha
  1382 | D:3      | Reached skill level 4 in Unarmed Combat
  1382 | D:3      | Reached XP level 5. HP: 53/53 MP: 4/4
  1681 | D:3      | Found a runed translucent door.
  1682 | D:3      | Noticed Crazy Yiuf
  1840 | D:3      | Noticed Natasha
  1845 | D:3      | Killed Natasha
  2231 | D:3      | HP: 2/53 [Crazy Yiuf/+4 quarterstaff of chaos (14)]
  2233 | D:3      | Killed Crazy Yiuf
  2234 | D:3      | Reached XP level 6. HP: 15/61 MP: 1/5
  2417 | D:4      | Found a glowing golden altar of the Shining One.
  2742 | D:4      | Found a sacrificial altar of Ru.
  2755 | D:4      | Reached skill level 5 in Unarmed Combat
  3025 | D:4      | Reached XP level 7. HP: 56/68 MP: 6/6
  3189 | D:5      | Entered Level 5 of the Dungeon
  3258 | D:5      | Noticed Duvessa
  3258 | D:5      | Noticed Dowan
  3268 | D:5      | Killed Duvessa
  3269 | D:5      | Reached skill level 6 in Unarmed Combat
  3281 | D:5      | Killed Dowan
  3351 | D:5      | Found a sparkling altar of Nemelex Xobeh.
  3584 | D:5      | Reached XP level 8. HP: 75/79 MP: 7/7
  3733 | D:5      | Reached skill level 7 in Unarmed Combat
  3754 | D:5      | Found Qesiziso's General Store.
  4071 | D:6      | Found a staircase to the Ecumenical Temple.
  4082 | Temple   | Entered the Ecumenical Temple
  4116 | D:6      | Reached skill level 5 in Fighting
  4173 | D:6      | Reached skill level 8 in Unarmed Combat
  4176 | D:6      | Found a blossoming altar of Fedhas.
  4343 | D:6      | Reached skill level 5 in Throwing
  4394 | D:6      | Reached XP level 9. HP: 54/88 MP: 4/8
  4410 | D:6      | Reached skill level 9 in Unarmed Combat
  4689 | D:6      | Noticed Grinder
  4699 | D:6      | Killed Grinder
  4789 | D:6      | Found a shimmering altar of Xom.
  4790 | D:6      | Found a snail-covered altar of Cheibriados.
  4791 | D:6      | Found a white marble altar of Elyvilon.
  4886 | D:7      | You fall into a shaft and drop 2 floors!
  4994 | D:8      | Reached skill level 10 in Unarmed Combat
  5093 | D:8      | Reached XP level 10. HP: 53/100 MP: 5/9
  5409 | D:8      | Found a transporter.
  5427 | D:8      | Identified the +0 cloak of the Shining Light {rElec rPois
                  | rF+ Stlth-}
  5480 | D:7      | Reached skill level 11 in Unarmed Combat
  5668 | D:8      | Found an opulent altar of Gozag.
  5807 | D:8      | Found a transporter.
  5808 | D:8      | Noticed a boulder beetle
  6056 | D:9      | Noticed Maurice
  6066 | D:9      | Killed Maurice
  6173 | D:9      | Found a transporter.
  6180 | D:9      | Found a transporter.
  6181 | D:9      | Found a transporter.
  6287 | D:9      | Found a transporter.
  6794 | D:9      | Noticed Pikel
  6807 | D:9      | Killed Pikel
  6808 | D:9      | Reached skill level 12 in Unarmed Combat
  6955 | D:9      | Found Roesiqian's Magic Scroll Boutique.
  6961 | D:9      | Bought a scroll of teleportation for 33 gold pieces
  7054 | D:10     | Entered Level 10 of the Dungeon
  7163 | D:10     | Paralysed by a hornet for 2 turns
  7420 | D:10     | Found a staircase to the Orcish Mines.
  7425 | D:10     | Reached XP level 11. HP: 109/109 MP: 10/10
  7449 | D:10     | Noticed Erica
  7467 | D:10     | Killed Erica
  7528 | D:10     | Noticed a two-headed ogre
  7538 | D:10     | Killed a two-headed ogre
  7550 | D:10     | Found a hazy altar of Hepliaklqana.
  7551 | D:10     | Found a shadowy altar of Dithmenos.
  7822 | D:11     | Found a staircase to the Lair.
  7904 | D:11     | Found a gate leading to a gauntlet.
  7925 | Gauntlet | Entered a Gauntlet
  7925 | Gauntlet | Found a transporter.
  7928 | Gauntlet | Found a transporter.
  7930 | Gauntlet | Noticed a catoblepas
  7945 | Gauntlet | Found a transporter.
  7948 | Gauntlet | Found a transporter.
  7966 | Gauntlet | Found a transporter.
  7979 | Gauntlet | Found a transporter.
  7982 | Gauntlet | Noticed a hell beast
  7992 | Gauntlet | Found a transporter.
  7997 | Gauntlet | Noticed a dire elephant
  8010 | Gauntlet | Found a transporter.
  8014 | Gauntlet | Found a transporter.
  8019 | Gauntlet | Noticed a harpy
  8022 | Gauntlet | Found a transporter.
  8024 | Gauntlet | a harpy changed into a troll
  8048 | Gauntlet | Found a transporter.
  8052 | Gauntlet | Found a transporter.
  8056 | Gauntlet | Found a runed translucent door.
  8057 | Gauntlet | Found a runed translucent door.
  8143 | Gauntlet | Reached skill level 13 in Unarmed Combat
  8222 | Gauntlet | Killed a hell beast
  8227 | Gauntlet | Identified the ring "Toam" {Will+ Int+6}
  8318 | Gauntlet | Noticed a minotaur
  8324 | Gauntlet | Killed a minotaur
  8333 | Gauntlet | Got the Catalogue of Unholy Arts and the Assassin
  8333 | Gauntlet | Got the Tractate on Permutations and Allies
  8374 | D:11     | Noticed a centaur warrior
  8387 | D:11     | Killed a centaur warrior
  8623 | D:11     | Found an iron altar of Okawaru.
  8871 | Lair:1   | Entered Level 1 of the Lair of Beasts
  8871 | Lair:1   | Noticed a catoblepas
  8886 | Lair:1   | Killed a catoblepas
  8991 | Lair:1   | Reached XP level 12. HP: 122/122 MP: 11/11
  9116 | Lair:1   | Reached skill level 14 in Unarmed Combat
  9297 | Lair:1   | Found the +7 Kryia's mail coat {PotionHeal*2 rC+}
  9537 | Lair:2   | Reached skill level 10 in Throwing
  9680 | Lair:2   | Noticed a death yak
  9684 | Lair:2   | Noticed a death yak
  9686 | Lair:2   | Noticed a death yak
  9707 | Lair:2   | You fall into a shaft and drop 1 floor!
  9723 | Lair:3   | Found a staircase to the Snake Pit.
 10034 | Lair:3   | Noticed Amaemon
 10044 | Lair:3   | Reached skill level 10 in Fighting
 10049 | Lair:3   | Killed Amaemon
 10074 | Lair:4   | Noticed a death yak
 10074 | Lair:4   | Noticed a death yak
 10075 | Lair:4   | Noticed a death yak
 10075 | Lair:4   | Noticed a death yak
 10085 | Lair:4   | Killed a death yak
 10090 | Lair:4   | Killed a death yak
 10096 | Lair:4   | Killed a death yak
 10106 | Lair:4   | Killed a death yak
 10107 | Lair:4   | Reached XP level 13. HP: 88/133 MP: 12/12
 10154 | Lair:4   | Reached skill level 15 in Unarmed Combat
 10324 | Lair:4   | Noticed Josephine
 10345 | Lair:4   | Killed Josephine
 10398 | Lair:5   | Entered Level 5 of the Lair of Beasts
 10399 | Lair:5   | Noticed Nessos
 10553 | Lair:5   | Killed Nessos
 10560 | Lair:5   | Found a staircase to the Slime Pits.
 10560 | Lair:5   | Found a viscous altar of Jiyva.
 10710 | Lair:5   | Became a worshipper of Jiyva Jenwukli the Shapeless
 11143 | Lair:2   | Reached * piety under Jiyva
 11612 | Lair:3   | Reached ** piety under Jiyva
 11816 | Lair:3   | Found a staircase to the Shoals.
 12175 | Lair:4   | Reached XP level 14. HP: 143/146 MP: 13/13
 12187 | Lair:4   | Reached skill level 16 in Unarmed Combat
 12280 | Lair:4   | Noticed Kirke
 12319 | Lair:4   | Killed Kirke
 12711 | Lair:4   | Reached skill level 5 in Shields
 12762 | Lair:5   | Reached *** piety under Jiyva
 12801 | Lair:5   | Gained mutation: Your body has grown eyes which may confuse
                  | attackers. (Acc +3) [Jiyva's grace]
 12801 | Lair:5   | Gained mutation: Your body has grown many eyes which may
                  | confuse attackers. (Acc +5) [Jiyva's grace]
 12801 | Lair:5   | Gained mutation: Your body is covered in eyes which may
                  | confuse attackers. (Acc +7, SInv) [Jiyva's grace]
 12801 | Lair:5   | Gained mutation: You have a pair of small horns on your
                  | head. [Jiyva's grace]
 13344 | Lair:5   | Reached skill level 1 in Armour
 13347 | Lair:5   | Got the Catalogue of Combustion and Fog
 13943 | D:12     | Identified the +6 halberd of Tenacity {speed, *Slow Int+4
                  | SInv}
 14239 | D:12     | Reached **** piety under Jiyva
 14329 | D:13     | Identified the +1 chain mail "Xutzotat" {Will+ MP+9 Int+6
                  | Dex-4}
 14565 | D:13     | Identified the +8 spear "Laores" {flame, rPois rC+ Int+4}
 14782 | D:13     | Found a gate to the Vaults.
 14802 | D:13     | Reached XP level 15. HP: 145/156 MP: 14/14
 15691 | D:14     | Lost mutation: You have a pair of small horns on your head.
                  | [Jiyva's grace]
 15691 | D:14     | Lost mutation: Your body is covered in eyes which may
                  | confuse attackers. (Acc +7, SInv) [Jiyva's grace]
 15691 | D:14     | Gained mutation: You have a pair of small antennae on your
                  | head. [Jiyva's grace]
 15691 | D:14     | Gained mutation: You have a pair of antennae on your head.
                  | [Jiyva's grace]
 15691 | D:14     | Gained mutation: You have a pair of large antennae on your
                  | head. (SInv) [Jiyva's grace]
 15691 | D:14     | Gained mutation: You have acidic saliva. [Jiyva's grace]
 15728 | D:15     | Entered Level 15 of the Dungeon
 15775 | D:15     | Found a snail-covered altar of Cheibriados.
 15775 | D:15     | Found Cheibriados's Comfort Zone.
 15776 | D:15     | Reached ***** piety under Jiyva
 15803 | D:15     | Reached skill level 17 in Unarmed Combat
 16223 | D:15     | Found a staircase to the Depths.
 16607 | Snake:1  | Entered Level 1 of the Snake Pit
 16613 | Snake:1  | Reached skill level 5 in Armour
 16829 | Snake:1  | Noticed Donald
 16848 | Snake:1  | Slimified Donald
 16848 | Snake:1  | Noticed Donald
 16848 | Snake:1  | Donald changed into Donald the acid blob
 17240 | Snake:2  | Noticed a nagaraja
 17247 | Snake:2  | Killed a nagaraja
 17290 | Snake:2  | Lost mutation: Your body has grown many eyes which may
                  | confuse attackers. (Acc +5) [potion of mutation]
 17290 | Snake:2  | Lost mutation: Your body has grown eyes which may confuse
                  | attackers. (Acc +3) [potion of mutation]
 17290 | Snake:2  | Gained mutation: You are partially covered in iridescent
                  | scales. (AC +2) [potion of mutation]
 17290 | Snake:2  | Gained mutation: You are robust. (+10% HP) [potion of
                  | mutation]
 17414 | Snake:2  | Reached XP level 16. HP: 183/183 MP: 15/15
 17484 | Snake:2  | Lost mutation: You have a pair of large antennae on your
                  | head. (SInv) [Jiyva's grace]
 17484 | Snake:2  | Lost mutation: You are partially covered in iridescent
                  | scales. (AC +2) [Jiyva's grace]
 17484 | Snake:2  | Lost mutation: You have acidic saliva. [Jiyva's grace]
 17484 | Snake:2  | Gained mutation: Your body has grown eyes which may confuse
                  | attackers. (Acc +3) [Jiyva's grace]
 17484 | Snake:2  | Gained mutation: Your body has grown many eyes which may
                  | confuse attackers. (Acc +5) [Jiyva's grace]
 17484 | Snake:2  | Gained mutation: Your body is covered in eyes which may
                  | confuse attackers. (Acc +7, SInv) [Jiyva's grace]
 17484 | Snake:2  | Gained mutation: Your flesh is heat resistant. (rF+)
                  | [Jiyva's grace]
 17516 | Snake:2  | Found Konarph's Weapon Emporium.
 18365 | Snake:3  | Reached ****** piety under Jiyva
 18713 | Snake:3  | Noticed Asterion
 18719 | Snake:3  | Slimified Asterion
 18719 | Snake:3  | Noticed Asterion
 18719 | Snake:3  | Asterion changed into Asterion the acid blob
 19167 | Snake:3  | Lost mutation: Your flesh is heat resistant. (rF+) [Jiyva's
                  | grace]
 19167 | Snake:3  | Gained mutation: You expend magic power (3 MP) to
                  | strengthen your wands. [Jiyva's grace]
 19167 | Snake:3  | Gained mutation: You are covered in slimy tendrils that may
                  | disarm your opponents. [Jiyva's grace]
 19167 | Snake:3  | Gained mutation: Your translucent skin slightly reduces
                  | your foes' accuracy. (Stealth+) [Jiyva's grace]
 19167 | Snake:3  | Gained mutation: Your translucent skin reduces your foes'
                  | accuracy. (Stealth+) [Jiyva's grace]
 19553 | Slime:1  | Entered Level 1 of the Pits of Slime
 19557 | Slime:1  | Noticed an acid blob
 19572 | Slime:2  | Noticed an acid blob
 19627 | Slime:4  | Noticed an acid blob
 19635 | Slime:5  | Entered Level 5 of the Pits of Slime
 19635 | Slime:5  | Noticed an acid blob
 19654 | Slime:5  | Found a viscous altar of Jiyva.
 19654 | Slime:5  | Noticed an acid blob
 19654 | Slime:5  | Noticed an acid blob
 19656 | Slime:5  | Noticed an acid blob
 19657 | Slime:5  | Found the amulet of the Four Winds {rN+ Will+++ Clar}
 19657 | Slime:5  | Noticed an acid blob
 19658 | Slime:5  | Noticed the Royal Jelly
 19658 | Slime:5  | Noticed an acid blob
 19662 | Slime:5  | Got Rizittih's Monograph on Kindling and Confrontation
 19664 | Slime:5  | Got a slimy rune of Zot
 19666 | Slime:5  | Noticed an acid blob
 19690 | Slime:5  | Got Giopis's Tome of the Shivering Atmosphere
 19699 | Slime:5  | Identified the +9 rapier of the Last Nightmares {elec,
                  | rPois}
 19800 | Slime:5  | Noticed an acid blob
 19826 | Slime:5  | Noticed an acid blob
 19846 | Slime:5  | Noticed an acid blob
 20441 | Snake:4  | Entered Level 4 of the Snake Pit
 20472 | Snake:4  | Noticed Aizul
 20529 | Snake:3  | Killed Aizul
 21065 | Snake:4  | Reached skill level 18 in Unarmed Combat
 21614 | Snake:4  | Reached XP level 17. HP: 190/195 MP: 16/16
 21624 | Snake:4  | Got a serpentine rune of Zot
 22104 | Shoals:1 | Entered Level 1 of the Shoals
 22211 | Shoals:2 | Reached skill level 10 in Shields
 22290 | Shoals:3 | Found Dabbext's General Store.
 22298 | Shoals:3 | Found Hemniagumo's Specific Store.
 22369 | Shoals:3 | Bought a potion of might for 48 gold pieces
 22373 | Shoals:3 | Bought a scroll of acquirement for 780 gold pieces
 22373 | Shoals:3 | Acquired the ring of the Solstice {rF+ rC+ rN+ Str+3}
 22397 | Shoals:3 | Bought 6 large rocks for 63 gold pieces
 22408 | Shoals:4 | Entered Level 4 of the Shoals
 22416 | Shoals:4 | Noticed Louise
 22439 | Shoals:4 | Killed Louise
 22556 | Shoals:4 | Identified the +0 pair of gloves of the Hall of Blades {rC+
                  | Str+3 Int+3}
 22636 | Shoals:4 | Noticed Ilsuiw
 22670 | Shoals:4 | Lost mutation: Your body is covered in eyes which may
                  | confuse attackers. (Acc +7, SInv) [Jiyva's grace]
 22670 | Shoals:4 | Gained mutation: You are very robust. (+20% HP) [Jiyva's
                  | grace]
 22670 | Shoals:4 | Gained mutation: You are extremely robust. (+30% HP)
                  | [Jiyva's grace]
 22670 | Shoals:4 | Gained mutation: Your mind is acute. (Int +4, Str/Dex -1)
                  | [Jiyva's grace]
 22670 | Shoals:4 | Gained mutation: Your mind is very acute. (Int +8, Str/Dex
                  | -2) [Jiyva's grace]
 22697 | Shoals:4 | Reached skill level 15 in Throwing
 22846 | Shoals:4 | Identified the +8 glaive of Foast {flame, Fragile rN+
                  | Dex+3}
 22855 | Shoals:4 | HP: 6/234 [water nymph/the raging water (15)]
 22855 | Shoals:4 | HP: 1/234 [merfolk/boomerang[a merfolk javelineer] (5)]
 22855 | Shoals:4 | Hit by a javelin thrown by a merfolk javelineer

Illustrated notes

Levels and vault maps discovered:
D:1:      dpeg_arrival_shelter, layout_rooms, grunt_decor_fettered,
          minmay_pentomino_w4
D:2:      minmay_angry_zag, layout_basic
D:3:      layout_loops_corners, mainiacjoe_overflow_concentric_impassable,
          uniq_natasha, uniq_crazy_yiuf_cottage
D:4:      layout_cave_pods, nicolae_ru_great_annihilating_truth,
          kennysheep_mini_moat, grunt_decor_mini_mirrors,
          chequers_decorated_corner
D:5:      layout_basic, mainiacjoe_overflow_paths, serial_shops, shop,
          uniq_duvessa
D:6:      cheibrodos_fzero, layout_basic, mainiacjoe_overflow_alcove_3,
          minmay_temple_entry_butterflies, uniq_grinder
D:7:      layout_cave_pools, kennysheep_mini, general_overflow_altar,
          nicolae_overflow_two_pavilions, marbit_many_paths, uniq_maggie
D:8:      gammafunk_boulding_lane, layout_cave_pools,
          nicolae_gozag_cash_rules_everything_around_me, minmay_shattered_shrine
D:9:      layout_stronghold, serial_rivers, chequers_serial_rivers_large_b,
          chequers_serial_rivers_room_b, chequers_serial_rivers_small_3,
          chequers_serial_rivers_small_a, serial_shops, shop,
          nicolae_transporter_circle, uniq_pikel, uniq_maurice
D:10:     layout_roguey, riverfiend_overflow_shadow_ancestor, orc_0_dummy,
          uniq_erica
D:11:     layout_roguey, erik_lair_orcish_takeover, gauntlet_entry_generic,
          okawaru_gym_becter
D:12:     minmay_the_grid_triangle_9x9_rhombus_thin_mashed
          [minmay_the_grid_triangle_9x9_cache,
          minmay_the_grid_triangle_9x9_prize_schism,
          minmay_the_grid_triangle_9x9_empty,
          minmay_the_grid_triangle_9x9_impossible_snake], layout_basic
D:13:     layout_roguey, hangedman_vaults_entry_quadrant_bands,
          minmay_lindwurm_lava
D:14:     layout_basic, minmay_tree_intersection
D:15:     grunt_enter_depths_hoard, layout_irregular_city, serial_column_ruins,
          column_ruins_hut_water, column_ruins_grid_3, column_ruins_open_small,
          column_ruins_columns_corner, minmay_shop_chei
Temple:   nicolae_temple_bog_church
Lair:1:   layout_regular_city
Lair:2:   layout_roguey
Lair:3:   beast_lair_carwin_large_4, layout_chaotic_city, shoals_dummy_entry,
          minmay_snake_entry_six_corridors, st_stairs_5, minivault_25,
          uniq_amaemon
Lair:4:   layout_regular_city, kennysheep_basilisk_garden,
          infiniplex_staircase_pool_2, uniq_kirke, uniq_josephine
Lair:5:   wormcave, layout_long_grid, hangedman_lair_in_review,
          minmay_slime_entry_pillars, minmay_lair_oklob_bushes, ice2_lemuel,
          uniq_nessos
Shoals:1: layout_shoals, serial_shops, nicolae_shop_bloodbath_and_beyond,
          nicolae_shop_self_help
Shoals:2: layout_shoals
Shoals:3: layout_shoals, nicolae_specific_store, nicolae_shoals_cliffside_cave
Shoals:4: shoals_end_hangedman, layout_shoals, shoal_ilsuiw, uniq_louise
Snake:1:  layout_misc_corridors, uniq_donald
Snake:2:  layout_grid_shapes, serial_shops, shop, grunt_megastairs_2
Snake:3:  layout_layer_cave, st_stairs_9, uniq_asterion
Snake:4:  grunt_snake_rune_spirals, layout_onion,
          nicolae_snake_serpentine_hallways, uniq_aizul
Slime:1:  layout_caves
Slime:2:  cheibrodos_slime_lost_civilization_8, layout_caves
Slime:3:  layout_caves
Slime:4:  layout_caves
Slime:5

Skill      XL: |  1  2  3  4  5  6  7  8  9 10 11 12 13 14 15 16 17 |
---------------+----------------------------------------------------+-----
Throwing       | 1 2 3 4 5 6 7 9 10 12 13 14 15 | 15.0
Unarmed Combat | 3 4 5 6 8 10 12 13 14 15 16 17 18 | 18.5
Fighting       | 3 4 5 6 7 8 10 11 12 13 14 | 14.0
Shields        | 4 6 8 9 10 | 10.4
Armour         | 3 5 7 8 |  8.1
Dodging        | |  2.4

Action                   |  1- 3 |  4- 6 |  7- 9 | 10-12 | 13-15 | 16-18 || total
-------------------------+-------+-------+-------+-------+-------+-------++-------
Melee: Unarmed           |    98 |   128 |   332 |   591 |  1004 |   564 ||  2717
       Headbutt          |       |       |       |       |   104 |       ||   104
       Bite              |       |       |       |       |    36 |     2 ||    38
Throw: Large rock        |       |       |       |     4 |     5 |    24 ||    33
       Dart              |       |       |       |     4 |       |     1 ||     5
       Boomerang         |       |       |       |       |     8 |    49 ||    57
Invok: Slimify           |       |       |       |       |     1 |     1 ||     2
Evoke: Wand              |       |       |     6 |     3 |     1 |     1 ||    11
  Use: Potion            |       |     1 |     5 |     9 |     3 |     5 ||    23
       Scroll            |       |       |       |    18 |    10 |    15 ||    43
 Stab: Distracted        |       |     1 |       |       |       |       ||     1
       Invisible         |       |     1 |       |     1 |       |       ||     2
       Sleeping          |       |     3 |     1 |     1 |       |       ||     5
       Paralysed         |       |     1 |       |       |       |       ||     1
       Confused          |       |       |       |       |    22 |    20 ||    42
Armor: Robe              |    41 |    27 |    85 |     7 |       |       ||   160
       Steam dragon scal |       |       |       |   188 |   131 |       ||   319
       Skin              |       |       |       |       |     4 |       ||     4
       Ice dragon scales |       |       |       |       |   163 |   244 ||   407
Dodge: Dodged            |    41 |    37 |   102 |   180 |   180 |   151 ||   691
Block: Kite shield       |    41 |    45 |   129 |   366 |   697 |   293 ||  1571
       Reflection        |       |       |       |    14 |    59 |    34 ||   107
       Other             |       |       |       |       |     1 |       ||     1
       Tower shield      |       |       |       |       |       |    79 ||    79
